 Dungeon Crawl Stone Soup version 0.27-a0-650-g8dd3ea4f36 (webtiles) character file.

Game seed: 6008819508190789837

145 lunkers the Skirmisher (level 5, -4/55 HPs)
             Began as an Ogre Warper on Mar 15, 2021.
             Slain by an orc
             ... wielding a +0 flail
              (6 damage)
             ... on level 3 of the Dungeon.
             The game lasted 00:04:41 (3357 turns).

lunkers the Skirmisher (Ogre Warper)                Turns: 3357, Time: 00:04:42

Health: -4/55      AC:  4    Str: 22    XL:     5   Next: 27%
Magic:  8/8        EV:  9    Int: 14    God:
Gold:   123        SH:  0    Dex:  8    Spells: 8/8 levels left

rFire    . . .     SeeInvis .   a - +0 mace
rCold    . . .     Faith    .   (no shield)
rNeg     . . .     Spirit   .   b - +0 robe
rPois    .         Reflect  .   (helmet restricted)
rElec    .         Harm     .   c - +0 cloak
rCorr    .         Rampage  .   (gloves unavailable)
Will     .....                  (boots unavailable)
Stlth    +.........             (no amulet)
HPRegen  0.18/turn              n - +6 ring of strength
MPRegen  0.11/turn              (no ring)

@: no status effects
A: large, unfitting armour, tough skin 1
a: no special abilities


You were on level 3 of the Dungeon.
You visited 1 branch of the dungeon, and saw 3 of its levels.

You collected 123 gold pieces.

Inventory:

Hand Weapons
 a - a +0 mace (weapon)
Missiles
 e - 5 boomerangs of dispersal
 f - 75 stones
 j - 24 poisoned darts (quivered)
Armour
 b - a +0 robe (worn)
 c - a +0 cloak (worn)
Jewellery
 n - a +6 ring of strength (right hand)
Scrolls
 d - 3 scrolls of blinking
 h - 2 scrolls of identify {unknown}
 k - 2 scrolls of enchant weapon {unknown}
 l - 2 scrolls of teleportation
 q - a scroll of fear {unknown}
 r - a scroll of noise {unknown}
Potions
 g - a potion of invisibility {unknown}
 i - 2 potions of curing {unknown}
 m - 2 potions of cancellation {unknown}
 o - a potion of attraction {unknown}
 p - a potion of mutation {unknown}


   Skills:
 + Level 4.5 Fighting
 * Level 4.0 Maces & Flails
 - Level 1.0 Throwing
 - Level 2.1 Dodging
 - Level 2.4 Spellcasting
 - Level 2.6 Translocations


You had 8 spell levels left.
You didn't know any spells.
Your spell library contained the following spells:

 Spells                   Type           Power      Damage    Failure   Level
 Blink                    Tloc           N/A        N/A       12%         2
 Gell's Gravitas          Tloc           4%         N/A       22%         3
 Lesser Beckoning         Tloc           4%         N/A       22%         3
 Teleport Other           Tloc           9%         N/A       22%         3
 Manifold Assault         Tloc           9%         N/A       58%         4


Dungeon Overview and Level Annotations

Branches:
Dungeon (3/15)

Altars:
Gozag
Qazlal
Sif Muna


Innate Abilities, Weirdness & Mutations

You are too large for most types of armour.
You have tough skin. (AC +1)


Message History

You kill the orc!
You have reached level 5!
You closely miss the orc priest.
The orc priest is heavily wounded.
The orc priest closely misses you.
Unknown command.
You hit the orc priest.
The orc priest is severely wounded.
The orc priest calls down the wrath of Beogh upon you.
Pain shoots through your body!
* * * LOW HITPOINT WARNING * * *
The orc priest looks encouraged for a moment.
You hit the orc priest.
The orc priest is almost dead.
The orc priest closely misses you.
Unknown command.
You hit the orc priest but do no damage.
The orc priest is almost dead.
The orc priest hits you with a +0 mace.
* * * LOW HITPOINT WARNING * * *
Unknown command.
You hit the orc priest.
You kill the orc priest!
Your Maces & Flails skill increases to level 4!
Unknown command.
You hit the rat but do no damage. The rat barely misses you.
Unknown command.
You closely miss the rat. The rat bites you but does no damage.
The rat barely misses you.
Unknown command.
You hit the rat.
You kill the rat!
The orc hits you with a +0 flail.
* * * LOW HITPOINT WARNING * * *
You barely miss the orc.
The orc is heavily wounded.
The orc hits you with a +0 flail!
* * * LOW HITPOINT WARNING * * *
The orc hits you with a +0 flail.
You die...

###.##.#.##.#
####.##.#.##.#
#....##.#.##.####
#.#####.........#
#..........<.####
.######.#######..).##.#
........# ####....#
..#####.# ####.# #@# #
#o# #o# .(. .(# ....
.#.. ..#..


You could see 2 orcs.

Vanquished Creatures
  An orc priest (D:3)
  5 adders
  2 oozes (D:1)
  A dart slug (D:3)
  3 orcs (D:3)
  A ball python (D:2)
  2 giant cockroaches (D:1)
  7 goblins
  9 hobgoblins
  3 jackals (D:1)
  5 kobolds
  A quokka (D:2)
  6 bats
  5 frilled lizards
  7 rats
58 creatures vanquished.

Vanquished Creatures (others)
  5 plants (D:2)
5 creatures vanquished.

Grand Total: 63 creatures vanquished

Notes
Turn   | Place    | Note
-------+----------+-------------------------------------------
     0 | D:1      | lunkers the Ogre Warper began the quest for the Orb.
     0 | D:1      | Reached XP level 1. HP: 22/22 MP: 3/3
   320 | D:1      | Reached XP level 2. HP: 29/31 MP: 5/5
   675 | D:1      | Reached XP level 3. HP: 30/37 MP: 6/6
  1860 | D:2      | Reached XP level 4. HP: 36/48 MP: 7/7
  2945 | D:3      | Found a stormy altar of Qazlal.
  2945 | D:3      | Found an opulent altar of Gozag.
  2948 | D:3      | Found a shimmering blue altar of Sif Muna.
  3347 | D:3      | Reached XP level 5. HP: 23/55 MP: 8/8
  3357 | D:3      | HP: 2/55 [orc/+0 flail (9)]
  3357 | D:3      | Slain by an orc

Illustrated notes

Levels and vault maps discovered:
D:1:      co_arrival_random_square_maze, layout_rooms, chequers_jeans,
          hangedman_decor_slide_cut, minmay_pentomino_q4
D:2:      layout_basic, serial_forest, infiniplex_forest_lined_corner,
          infiniplex_forest_diagonal, infiniplex_forest_lined_room_2,
          infiniplex_forest_corner_2, infiniplex_forest_lined_2,
          infiniplex_forest_clump_diagonal, infiniplex_forest_lined_2,
          infiniplex_forest_diagonal, infiniplex_forest_zigzag_2,
          corexii_hall_statues_t
D:3:      minmay_roachtagon, layout_loops_ring, gammafunk_temple_overflow_claw,
          gup_sewer_entry_spiral, minmay_cut_off

Skill      XL: |  1  2  3  4  5 |
---------------+----------------+-----
Maces & Flails | 2 3 4 |  4.0
Fighting       | 3 4 |  4.5
Throwing       | |  1.0
Dodging        | |  2.1
Spellcasting   | |  2.4
Translocations | |  2.6

Action                   |  1- 3 |  4- 6 || total
-------------------------+-------+-------++-------
Melee: Mace              |   139 |    85 ||   224
Throw: Stone             |    12 |       ||    12
       Dart              |     2 |    28 ||    30
  Use: Scroll            |       |     1 ||     1
Armor: Robe              |    66 |    26 ||    92
Dodge: Dodged            |    82 |    39 ||   121

Table legend: (Time is in decaauts)
 A = Elapsed time spent in this place.
 B = Non-inter-level travel time spent in this place.
 C = Inter-level travel time spent in this place.
 D = Time resting spent in this place.
 E = Time spent auto-exploring this place.
 F = Levels seen in this place.
 G = Mean time per level.
                   A        B        C        D        E       F      G
               +--------+--------+--------+--------+--------+-----+--------+
         Total |   3411 |   3370 |     41 |      0 |   2773 |   3 | 1137.0 |
       Dungeon |   3411 |   3370 |     41 |      0 |   2773 |   3 | 1137.0 |
               +--------+--------+--------+--------+--------+-----+--------+

Top non-repeatable levels by time:
     D:2: 1787 daAuts
     D:1: 1080 daAuts
     D:3: 544 daAuts
